 Dungeon Crawl Stone Soup version 0.25-a0-292-gaa31f046c4 (webtiles) character file.

Game seed: 6067051399229536761, levelgen mode: deterministic

34 Lanoc the Ducker (level 3, -1/18 HPs)
             Began as a Spriggan Gladiator on Dec 15, 2019.
             Slain by a goblin
             ... wielding a +0 club
             ... led by Robin
              (7 damage)
             ... on level 2 of the Dungeon.
             The game lasted 00:01:28 (994 turns).

Lanoc the Ducker (Spriggan Gladiator)                Turns: 994, Time: 00:01:29

Health: -1/18      AC:  2    Str: 10    XL:     3   Next: 14%
Magic:  4/4        EV: 20    Int:  9    God:
Gold:   59         SH:  0    Dex: 18    Spells: 2/2 levels left

rFire    . . .     SeeInvis +   a - +0 rapier
rCold    . . .     Gourm    .   (shield restricted)
rNeg     . . .     Faith    .   b - +0 robe
rPois    .         Spirit   .   c - +0 hat
rElec    .         Reflect  .   (no cloak)
rCorr    .         Harm     .   (gloves unavailable)
MR       .....                  (boots unavailable)
Stlth    ++........             (no amulet)
HPRegen  0.06/turn              j - ring of see invisible
MPRegen  0.09/turn              (no ring)

@: very quick
A: very small, unfitting armour, see invisible, herbivore, speed 3, slow
metabolism 2
a: no special abilities


You were on level 2 of the Dungeon.
You were not hungry.

You visited 1 branch of the dungeon, and saw 2 of its levels.

You collected 59 gold pieces.

Inventory:

Hand Weapons
 a - a +0 rapier (weapon)
Missiles
 d - 3 throwing nets (quivered)
Armour
 b - a +0 robe (worn)
 c - a +0 hat (worn)
Jewellery
 j - a ring of see invisible (left hand)
Scrolls
 h - a scroll of immolation {unknown}
 i - 2 scrolls of identify {unknown}
 m - a scroll of teleportation {unknown}
 n - a scroll of random uselessness {unknown}
 o - a scroll of enchant weapon {unknown}
Potions
 e - 3 potions of curing {unknown}
 g - a potion of magic {unknown}
 k - a potion of brilliance {unknown}
 l - a potion of ambrosia {unknown}
Comestibles
 f - 4 rations


   Skills:
 + Level 1.9 Fighting
 * Level 3.9 Short Blades
 - Level 2.0 Throwing
 + Level 4.8 Dodging
 + Level 1.8 Stealth


You had 2 spell levels left.
You didn't know any spells.
Your spell library was empty.

Dungeon Overview and Level Annotations

Branches:
Dungeon (2/15)

Altars:


Innate Abilities, Weirdness & Mutations

You are very small and have problems with some larger weapons.
You are too small for most types of armour.
You have supernaturally acute eyesight. (SInv)
You are a herbivore.
You cover ground extremely quickly.
You need to consume almost no food.


Message History

You barely miss Robin.
Robin is severely wounded.
Robin completely misses you. The goblin misses you.
You hit Robin but do no damage.
Robin is severely wounded.
Robin closely misses you. The goblin hits you with a +0 club.
You hit Robin.
You kill Robin!
You have reached level 3!
Your experience leads to an increase in your attributes!
Increase (S)trength, (I)ntelligence, or (D)exterity?
You feel agile.
You are too injured to fight recklessly!
You are too injured to fight recklessly!
You are too injured to fight recklessly!
You closely miss the goblin. The goblin hits you with a +0 club.
You hit the goblin.
You kill the goblin!
You hit the goblin but do no damage. The goblin hits you with a +0 club!
You die...

## #g# #.# .# #.#
##.# .# #)# #..# )#
##)## #.## .#
##...########.# .#
#.......)...#.# .#
##..........#)# .#
##..######)#.#
.######†.##....g@.#
...(..).....###.###
.######..#### #.#
## #..######.# #
#.........#
#.........#
#<######### ##.##
#...#


You could see a goblin.

Vanquished Creatures
  Robin (D:2)
  3 giant cockroaches (D:1)
  9 goblins
  2 hobgoblins (D:2)
  5 bats
  A frilled lizard (D:1)
  A kobold (D:2)
22 creatures vanquished.

Vanquished Creatures (others)
  4 toadstools (D:1)
4 creatures vanquished.

Grand Total: 26 creatures vanquished

Notes
Turn   | Place    | Note
-------+----------+-------------------------------------------
     0 | D:1      | Lanoc the Spriggan Gladiator began the quest for the Orb.
     0 | D:1      | Reached XP level 1. HP: 10/10 MP: 2/2
   610 | D:1      | Reached skill level 1 in Stealth
   610 | D:1      | Reached XP level 2. HP: 13/15 MP: 3/3
   928 | D:2      | Noticed Robin
   991 | D:2      | Killed Robin
   991 | D:2      | Reached XP level 3. HP: 8/18 MP: 4/4
   994 | D:2      | Slain by a goblin

Levels and vault maps discovered:
D:1:      ldierk_water_garden, layout_basic
D:2:      layout_loops_corners, marbit_many_paths, uniq_robin

Skill      XL: |  1 |
---------------+----+-----
Stealth        | 1 |  1.8
Fighting       | |  1.9
Short Blades   | |  3.9
Throwing       | |  2.0
Dodging        | |  4.8

Action                   || total
-------------------------++-------
Melee: Rapier            ||    66
Armor: Robe              ||    11
Dodge: Dodged            ||    63

Table legend:
 A = Non-vault XP
 B = Vault XP
 C = Vault XP percentage of total XP
 D = Non-vault monster count
 E = Vault monster count
 F = Vault count percentage of total count
                 A         B        C        D         E       F
            +---------+---------+-------+---------+---------+-------
      Total |      17 |      32 |  65.3 |      12 |      10 |  45.5
            +---------+---------+-------+---------+---------+-------
        D:1 |      15 |       0 |   0.0 |      10 |       0 |   0.0
        D:2 |       2 |      32 |  94.1 |       2 |      10 |  83.3
            +---------+---------+-------+---------+---------+-------
